[Event "Open Desko Liberec 2020"]
[Site "Liberec"]
[Date "2020.07.21"]
[Round "5"]
[White "Sernecki, Franciszek"]
[Black "Sykora, Marek"]
[Result "1-0"]
[ECO "C84"]
[WhiteElo "2243"]
[BlackElo "2083"]
[Annotator "ChessBase"]
[PlyCount "61"]
[EventDate "2020.??.??"]
[EventCountry "CZE"]
[SourceTitle "playchess.com"]
[Source "ChessBase"]
[SourceQuality "1"]
[TimeControl "40/5400+30:1800+30"]

1. e4 e5 2. Nf3 Nc6 3. Bb5 a6 4. Ba4 Nf6 5. O-O b5 6. Bb3 Be7 7. d3 d6 8. a3 O-O 9. Nc3 Bg4 10. Be3 Qd7 11. h3 Bh5 12. Nd5 Nd8 13. Nxe5 dxe5 14. Nxf6+ Bxf6 15. Qxh5 Ne6 16. Qg4 Rfe8 17. Rad1 Rad8 18. c3 c6 19. g3 Ng5 20. Bxg5 Qxg4 21. hxg4 Bxg5 22. f4 exf4 23. gxf4 Be7 24. Rf3 h6 25. Kg2 Kf8 26. Rh1 Rd6 27. g5 Bd8 28. e5 Rg6 29. Kf1 Ke7 30. d4 f5 31. exf6+ 1-0

[Event "Open Desko Liberec 2020"]
[Site "Liberec"]
[Date "2020.07.21"]
[Round "5"]
[White "Belaska, Premysl"]
[Black "Bradac, Daniel"]
[Result "1-0"]
[ECO "B01"]
[WhiteElo "2224"]
[BlackElo "2011"]
[Annotator "ChessBase"]
[PlyCount "61"]
[EventDate "2020.??.??"]
[EventCountry "CZE"]
[SourceTitle "playchess.com"]
[Source "ChessBase"]
[SourceQuality "1"]
[TimeControl "40/5400+30:1800+30"]

1. e4 d5 2. exd5 Qxd5 3. Nc3 Qd8 4. Nf3 Nf6 5. h3 a6 6. a4 b6 7. Bc4 e6 8. d3 Bb7 9. Qe2 Bb4 10. O-O O-O 11. Ne4 Be7 12. c3 c5 13. Bf4 Bd5 14. Rfd1 Nbd7 15. Ne5 Nxe5 16. Bxe5 Ra7 17. Nxf6+ Bxf6 18. d4 Bxe5 19. dxe5 Qa8 20. Bxd5 exd5 21. Rd2 Qc6 22. f4 Rd8 23. Rad1 h6 24. Qf3 Qe6 25. Rxd5 Rxd5 26. Rxd5 a5 27. f5 Qe8 28. Qd3 Qxa4 29. Rd8+ Kh7 30. f6+ g6 31. Rh8+ 1-0

[Event "Open Desko Liberec 2020"]
[Site "Liberec"]
[Date "2020.07.21"]
[Round "5"]
[White "Buchcar, Tomas"]
[Black "Cibulka, Josef"]
[Result "0-1"]
[ECO "A15"]
[WhiteElo "2172"]
[BlackElo "1938"]
[Annotator "ChessBase"]
[PlyCount "48"]
[EventDate "2020.??.??"]
[EventCountry "CZE"]
[SourceTitle "playchess.com"]
[Source "ChessBase"]
[SourceQuality "1"]
[TimeControl "40/5400+30:1800+30"]

1. Nf3 Nf6 2. e3 g6 3. b3 Bg7 4. Bb2 O-O 5. Be2 d6 6. O-O e5 7. d3 Nc6 8. c4 Nh5 9. Ne1 Nf6 10. a3 a5 11. Nd2 h5 12. Qc2 Qe7 13. Nef3 Nh7 14. Bc3 f5 15. b4 axb4 16. axb4 Rxa1 17. Rxa1 e4 18. dxe4 fxe4 19. Nd4 Nxd4 20. exd4 e3 21. Qe4 exf2+ 22. Kh1 Qxe4 23. Nxe4 Bg4 24. Bd3 Rf3 0-1

[Event "Open Desko Liberec 2020"]
[Site "Liberec"]
[Date "2020.07.21"]
[Round "5"]
[White "Karlik, Vladimir"]
[Black "Finek, Vaclav"]
[Result "1/2-1/2"]
[ECO "A48"]
[WhiteElo "2143"]
[BlackElo "2203"]
[Annotator "ChessBase"]
[PlyCount "74"]
[EventDate "2020.??.??"]
[EventCountry "CZE"]
[SourceTitle "playchess.com"]
[Source "ChessBase"]
[SourceQuality "1"]
[TimeControl "40/5400+30:1800+30"]

1. d4 Nf6 2. Nf3 g6 3. Bg5 Bg7 4. Nbd2 O-O 5. e4 d5 6. exd5 Nxd5 7. c3 c5 8. dxc5 Qc7 9. Nb3 Rd8 10. Qc1 Nd7 11. Be2 Nxc5 12. Nxc5 Qxc5 13. O-O Bf5 14. Rd1 Rac8 15. Nd4 Be4 16. Bh6 Bf6 17. Bf1 e5 18. Nb3 Qe7 19. Be3 b6 20. a3 Nxe3 21. Rxd8+ Rxd8 22. Qxe3 Bc2 23. Nc1 Bg5 24. Qe2 Rd2 25. Qe1 Bf5 26. b4 Rd8 27. Ra2 e4 28. Ne2 e3 29. Nd4 Be4 30. fxe3 Bd5 31. Ra1 f5 32. Rd1 Bf7 33. Ba6 Re8 34. Nf3 Bxe3+ 35. Kh1 f4 36. Qe2 Rd8 37. Bc4 Qc7 1/2-1/2

[Event "Open Desko Liberec 2020"]
[Site "Liberec"]
[Date "2020.07.21"]
[Round "5"]
[White "Paulus, Vaclav"]
[Black "Liska, Jiri"]
[Result "1/2-1/2"]
[ECO "B33"]
[WhiteElo "2051"]
[BlackElo "2272"]
[Annotator "ChessBase"]
[PlyCount "100"]
[EventDate "2020.??.??"]
[EventCountry "CZE"]
[SourceTitle "playchess.com"]
[Source "ChessBase"]
[SourceQuality "1"]
[TimeControl "40/5400+30:1800+30"]

1. e4 c5 2. Nf3 Nc6 3. d4 cxd4 4. Nxd4 Nf6 5. Nc3 e5 6. Ndb5 d6 7. Bg5 a6 8. Na3 b5 9. Bxf6 gxf6 10. Nd5 Bg7 11. Bd3 Ne7 12. Nxe7 Qxe7 13. O-O d5 14. exd5 f5 15. Re1 O-O 16. Qh5 e4 17. c3 Qf6 18. Bc2 Bb7 19. Rad1 Rad8 20. g4 Rfe8 21. Qxf5 Qxf5 22. gxf5 Rxd5 23. Rxd5 Bxd5 24. Bb3 Bb7 25. Rd1 Bc8 26. Rd5 Be5 27. Nc2 Bxf5 28. Nd4 Bh3 29. Nc6 Bf4 30. Rd8 Kf8 31. Rxe8+ Kxe8 32. Bd5 e3 33. fxe3 Bxe3+ 34. Kh1 Kd7 35. Nb8+ Kd6 36. Bxf7 Bc8 37. Kg2 Bb7+ 38. Kg3 Kc7 39. Nxa6+ Bxa6 40. a4 bxa4 41. Be8 Bc1 42. Bxa4 Bxb2 43. Bc2 Be2 44. h4 h6 45. Bg6 h5 46. c4 Bc1 47. Bf7 Kd6 48. Bd5 Bd3 49. Bf7 Be2 50. Bd5 Ke5 1/2-1/2

[Event "Open Desko Liberec 2020"]
[Site "Liberec"]
[Date "2020.07.21"]
[Round "5"]
[White "Cermak, Jan"]
[Black "Kucera, Petr"]
[Result "0-1"]
[ECO "B11"]
[WhiteElo "2019"]
[BlackElo "2230"]
[Annotator "ChessBase"]
[PlyCount "62"]
[EventDate "2020.??.??"]
[EventCountry "CZE"]
[SourceTitle "playchess.com"]
[Source "ChessBase"]
[SourceQuality "1"]
[TimeControl "40/5400+30:1800+30"]

1. e4 c6 2. Nf3 d5 3. Nc3 Bg4 4. h3 Bxf3 5. Qxf3 Nf6 6. d3 e6 7. g3 Bb4 8. Bd2 d4 9. Nb1 Be7 10. Bg2 Qb6 11. Bc1 e5 12. O-O c5 13. Nd2 Nc6 14. a4 Qc7 15. Nc4 O-O 16. Qe2 Nd7 17. f4 f6 18. Rf2 a6 19. a5 b5 20. axb6 Nxb6 21. Nxb6 Qxb6 22. f5 a5 23. Bf1 a4 24. g4 c4 25. dxc4 d3 26. Qxd3 Bc5 27. Qg3 Nb4 28. Bd3 Nxd3 29. cxd3 Rfd8 30. Ra3 Bxa3 31. bxa3 Qb1 0-1

[Event "Open Desko Liberec 2020"]
[Site "Liberec"]
[Date "2020.07.21"]
[Round "5"]
[White "Wuensch, Ulrich"]
[Black "Harbuz, Trayan"]
[Result "0-1"]
[ECO "A48"]
[WhiteElo "2013"]
[BlackElo "2109"]
[Annotator "ChessBase"]
[PlyCount "78"]
[EventDate "2020.??.??"]
[EventCountry "CZE"]
[SourceTitle "playchess.com"]
[Source "ChessBase"]
[SourceQuality "1"]
[TimeControl "40/5400+30:1800+30"]

1. d4 Nf6 2. Nf3 c5 3. e3 g6 4. c3 Bg7 5. Nbd2 b6 6. e4 cxd4 7. cxd4 Bb7 8. Bd3 O-O 9. O-O d6 10. Qe2 Nfd7 11. Rd1 Nc6 12. Nb3 Nb4 13. Bc4 a5 14. Bd2 d5 15. exd5 Nxd5 16. a4 N7f6 17. Ne5 Qd6 18. Bb5 Nh5 19. g3 Ndf4 20. gxf4 Qd5 21. Bc6 Bxc6 22. Nxc6 Qxc6 23. Qd3 e6 24. Be3 Qd5 25. Nd2 Bh6 26. Ne4 Rfd8 27. Rac1 Qf5 28. Rc6 Rab8 29. Ng5 Qg4+ 30. Kf1 Nxf4 31. Bxf4 Qxf4 32. Nf3 Bg7 33. b3 Bf6 34. Qe3 Qg4 35. d5 Bg5 36. Qxg5 Qxf3 37. Rd2 Rxd5 38. Rxd5 exd5 39. Rxb6 Re8 0-1

[Event "Open Desko Liberec 2020"]
[Site "Liberec"]
[Date "2020.07.23"]
[Round "7"]
[White "Bures, Jaroslav"]
[Black "Kucera, Petr"]
[Result "1-0"]
[ECO "B12"]
[WhiteElo "2386"]
[BlackElo "2240"]
[Annotator "ChessBase"]
[PlyCount "41"]
[EventDate "2020.??.??"]
[EventCountry "CZE"]
[SourceTitle "playchess.com"]
[Source "ChessBase"]
[SourceQuality "1"]
[TimeControl "40/5400+30:1800+30"]

1. e4 c6 2. d4 d5 3. e5 Bf5 4. h4 h5 5. Bd3 Bxd3 6. Qxd3 e6 7. Bg5 Qb6 8. Nd2 Ne7 9. Ne2 Qa6 10. c4 dxc4 11. Nxc4 Nd5 12. O-O Nd7 13. Ng3 N7b6 14. b3 Be7 15. Rfd1 Nxc4 16. bxc4 Bxg5 17. hxg5 Nb6 18. Ne4 Rd8 19. Rac1 Kf8 20. Nc5 Qxa2 21. Rc2 1-0

[Event "Open Desko Liberec 2020"]
[Site "Liberec"]
[Date "2020.07.23"]
[Round "7"]
[White "Liska, Jiri"]
[Black "Hurtik, Matej"]
[Result "1-0"]
[ECO "D74"]
[WhiteElo "2273"]
[BlackElo "2047"]
[Annotator "ChessBase"]
[PlyCount "49"]
[EventDate "2020.??.??"]
[EventCountry "CZE"]
[SourceTitle "playchess.com"]
[Source "ChessBase"]
[SourceQuality "1"]
[TimeControl "40/5400+30:1800+30"]

1. Nf3 Nf6 2. c4 g6 3. g3 Bg7 4. Bg2 O-O 5. O-O d5 6. cxd5 Nxd5 7. d4 Nc6 8. e4 Nb6 9. d5 Ne5 10. Nxe5 Bxe5 11. Nc3 e6 12. Bh6 Re8 13. f4 Bh8 14. dxe6 Bxe6 15. Qf3 Qd2 16. e5 Nc4 17. Rf2 Qe3 18. b3 Qxf3 19. Bxf3 Na5 20. Nb5 Re7 21. Rd1 f6 22. Rfd2 Bf7 23. Nxc7 Rxc7 24. Rd8+ Be8 25. Bd5+ 1-0

[Event "Open Desko Liberec 2020"]
[Site "Liberec"]
[Date "2020.07.23"]
[Round "7"]
[White "Vitak, Jiri"]
[Black "Sykora, Ondrej"]
[Result "1/2-1/2"]
[ECO "A41"]
[WhiteElo "2222"]
[BlackElo "2065"]
[Annotator "ChessBase"]
[PlyCount "73"]
[EventDate "2020.??.??"]
[EventCountry "CZE"]
[SourceTitle "playchess.com"]
[Source "ChessBase"]
[SourceQuality "1"]
[TimeControl "40/5400+30:1800+30"]

1. d4 d6 2. c4 e5 3. Nf3 exd4 4. Nxd4 Bd7 5. e4 Nc6 6. Nc3 g6 7. Be3 Bg7 8. Be2 Nge7 9. O-O O-O 10. Qd2 Nxd4 11. Bxd4 Bxd4 12. Qxd4 Nc6 13. Qd2 Be6 14. f4 f5 15. exf5 Bxf5 16. Bf3 Qf6 17. Nb5 Qg7 18. Rae1 a6 19. Bxc6 bxc6 20. Nd4 c5 21. Nxf5 Rxf5 22. Re4 Raf8 23. Rfe1 Qf6 24. g3 g5 25. Rf1 Qg7 26. Kh1 Kh8 27. g4 Rxf4 28. Rexf4 gxf4 29. Rxf4 Rxf4 30. Qxf4 Kg8 31. Qf5 Qxb2 32. Qc8+ Kg7 33. Qxc7+ Kg8 34. Qxd6 Qb1+ 35. Kg2 Qxa2+ 36. Kg3 Qxc4 37. Qd8+ 1/2-1/2

[Event "Open Desko Liberec 2020"]
[Site "Liberec"]
[Date "2020.07.23"]
[Round "7"]
[White "Karlik, Vladimir"]
[Black "Cibulka, Josef"]
[Result "1/2-1/2"]
[ECO "D78"]
[WhiteElo "2137"]
[BlackElo "1931"]
[Annotator "NA"]
[PlyCount "54"]
[EventDate "2020.??.??"]
[EventCountry "CZE"]
[SourceTitle "playchess.com"]
[Source "ChessBase"]
[SourceQuality "1"]
[TimeControl "40/5400+30:1800+30"]

1. d4 Nf6 2. Nf3 g6 3. g3 Bg7 4. Bg2 O-O 5. O-O d5 6. c4 c6 7. Nbd2 Bf5 8. b3 Ne4 9. Bb2 Nd7 10. Nh4 Nxd2 11. Qxd2 Be6 12. Rac1 Nf6 $11 13. f3 h6 14. e4 g5 15. Nf5 Bxf5 16. exf5 Qd7 17. Rfe1 Ne8 18. cxd5 cxd5 19. Qc2 Nd6 20. Qc7 Qxc7 21. Rxc7 Bf6 22. g4 Rac8 23. Rec1 Rxc7 24. Rxc7 Rc8 25. f4 gxf4 26. Bxd5 b6 27. a4 Ra8 1/2-1/2

[Event "Open Desko Liberec 2020"]
[Site "Liberec"]
[Date "2020.07.23"]
[Round "7"]
[White "Koziorowicz, Michal"]
[Black "Kucera, Petr"]
[Result "1/2-1/2"]
[ECO "B12"]
[WhiteElo "2087"]
[BlackElo "2240"]
[Annotator "ChessBase"]
[PlyCount "59"]
[EventDate "2020.??.??"]
[EventCountry "CZE"]
[SourceTitle "playchess.com"]
[Source "ChessBase"]
[SourceQuality "1"]
[TimeControl "40/5400+30:1800+30"]

1. e4 c6 2. d4 d5 3. e5 Bf5 4. h4 h5 5. c4 dxc4 6. Bxc4 e6 7. Ne2 Ne7 8. Ng3 Bg6 9. Nc3 Nf5 10. Nxf5 Bxf5 11. Be3 Be7 12. g3 Nd7 13. Be2 Bg6 14. Qd2 Nb6 15. Bg5 Nd5 16. Bf3 Nb4 17. Bxe7 Qxe7 18. Be4 Bf5 19. a3 Na6 20. Bxf5 exf5 21. O-O O-O 22. Qf4 Qe6 23. Qg5 Rad8 24. Ne2 Qg6 25. Qxg6 fxg6 26. Nf4 Rfe8 27. Rad1 Kf7 28. Rd3 Nc7 29. Rfd1 Nd5 30. Kg2 1/2-1/2

[Event "Open Desko Liberec 2020"]
[Site "Liberec"]
[Date "2020.07.23"]
[Round "7"]
[White "Holasek, Pavel"]
[Black "Sykora, Marek"]
[Result "0-1"]
[ECO "A08"]
[WhiteElo "2054"]
[BlackElo "2147"]
[Annotator "ChessBase"]
[PlyCount "100"]
[EventDate "2020.??.??"]
[EventCountry "CZE"]
[SourceTitle "playchess.com"]
[Source "ChessBase"]
[SourceQuality "1"]
[TimeControl "40/5400+30:1800+30"]

1. Nf3 d5 2. g3 c5 3. Bg2 Nf6 4. O-O Nc6 5. d3 e5 6. Nbd2 Be7 7. e4 O-O 8. exd5 Nxd5 9. Nc4 f6 10. a4 Be6 11. Re1 Qd7 12. c3 Rfd8 13. Qc2 b6 14. b3 Rac8 15. Bb2 Bh3 16. Bh1 Qe8 17. d4 exd4 18. cxd4 Qh5 19. Qe2 Bf8 20. Rad1 Bg4 21. dxc5 Bxc5 22. Qe4 Ncb4 23. h3 Qxh3 24. Bd4 Qh5 25. Bxc5 bxc5 26. Ncd2 Bf5 27. Qc4 Bd3 28. Qh4 Qxh4 29. Nxh4 Nc3 30. Rc1 Ne2+ 31. Rxe2 Bxe2 32. Nc4 Rd1+ 33. Rxd1 Bxd1 34. Na5 Kf8 35. Nf5 Nd3 36. Bd5 Ne5 37. Nd6 Rd8 38. Nab7 Rd7 39. a5 Bf3 40. Bxf3 Nxf3+ 41. Kg2 Ne5 42. a6 Nc6 43. Ne4 Rd4 44. Nexc5 Rb4 45. Kf3 Nb8 46. Nd6 Nxa6 47. Nce4 Rxb3+ 48. Kf4 Nc7 49. Nc5 Rb4+ 50. Kf5 a5 0-1

[Event "Open Desko Liberec 2020"]
[Site "Liberec"]
[Date "2020.07.25"]
[Round "9"]
[White "Liska, Jiri"]
[Black "Sykora, Marek"]
[Result "1/2-1/2"]
[ECO "C45"]
[WhiteElo "2273"]
[BlackElo "2147"]
[Annotator "ChessBase"]
[PlyCount "227"]
[EventDate "2020.??.??"]
[EventCountry "CZE"]
[SourceTitle "playchess.com"]
[Source "ChessBase"]
[SourceQuality "1"]
[TimeControl "40/5400+30:1800+30"]

1. e4 e5 2. Nf3 Nc6 3. d4 exd4 4. Nxd4 Bc5 5. Nb3 Bb6 6. Nc3 d6 7. Qe2 Be6 8. Be3 Qd7 9. O-O-O O-O-O 10. h3 f5 11. f4 Qf7 12. exf5 Bc4 13. Qd2 Bxf1 14. Rhxf1 Qxf5 15. g4 Qd7 16. f5 Re8 17. Bxb6 axb6 18. Nd4 Nf6 19. Ne6 h6 20. Nb5 Rxe6 21. fxe6 Qxe6 22. Kb1 Ne5 23. Qc3 Qc4 24. Qxc4 Nxc4 25. Rfe1 Ne5 26. b3 Rf8 27. Rf1 Re8 28. Rde1 Nd5 29. Nd4 g5 30. Nf5 Nf4 31. h4 Re6 32. Ng7 Rg6 33. hxg5 hxg5 34. Nh5 Nxg4 35. Nxf4 gxf4 36. Rxf4 Ne5 37. Rf8+ Kd7 38. Re2 b5 39. a3 Kc6 40. Kb2 Kb6 41. Rh8 Rg7 42. Rf2 Re7 43. Rg8 Nc6 44. Rg4 Rh7 45. Rfg2 Rh5 46. Rg5 Rh3 47. R2g3 Rh2 48. Rg7 Nd4 49. Rg2 Rh5 50. R7g5 Rh3 51. Rf2 Rh7 52. Rg3 Rh5 53. Kc3 Nc6 54. Rf4 Rc5+ 55. Kd2 Rd5+ 56. Rd3 Rh5 57. Kc3 Rc5+ 58. Kb2 Rg5 59. Rh4 Rf5 60. Rg3 Rf7 61. Rgh3 Rf2 62. Rg3 Rf7 63. Kc3 Ne5 64. Rgh3 Nc6 65. Rh7 Rf5 66. Rg7 Rc5+ 67. Kb2 Nd4 68. Rc3 Ne6 69. Rxc5 Nxc5 70. Kc3 c6 71. Rh7 Na6 72. Rd7 Nc5 73. Re7 Na6 74. Kd4 Nc7 75. Rd7 c5+ 76. Ke4 Kc6 77. Rh7 Ne6 78. Rh2 b6 79. Rd2 Nc7 80. Kf5 Nd5 81. Ke6 Nf4+ 82. Ke7 Nd5+ 83. Kd8 Nc3 84. Ke7 Nd5+ 85. Kf7 Nc7 86. Rh2 Nd5 87. Ke8 Ne3 88. Ke7 Nd5+ 89. Kd8 Nc3 90. Rh1 Nd5 91. Kc8 Nc3 92. Kb8 Nd5 93. Ka7 Ne3 94. Rh2 Nf5 95. Ka6 Nd4 96. Rf2 Ne6 97. Rf7 Nd4 98. Rf2 Ne6 99. c3 Nc7+ 100. Ka7 Nd5 101. Rf3 Nc7 102. Rh3 Nd5 103. c4 bxc4 104. bxc4 Nf6 105. a4 Nd7 106. Rh4 Ne5 107. Kb8 Nd7+ 108. Kc8 Ne5 109. Rf4 Nxc4 110. Rxc4 b5 111. axb5+ Kxb5 112. Rc1 c4 113. Kd7 Kc5 114. Ke6 1/2-1/2

[Event "Open Desko Liberec 2020"]
[Site "Liberec"]
[Date "2020.07.25"]
[Round "9"]
[White "Vitak, Jiri"]
[Black "Kaderabek, Jiri"]
[Result "1/2-1/2"]
[ECO "A31"]
[WhiteElo "2222"]
[BlackElo "2121"]
[Annotator "ChessBase"]
[PlyCount "184"]
[EventDate "2020.??.??"]
[EventCountry "CZE"]
[SourceTitle "playchess.com"]
[Source "ChessBase"]
[SourceQuality "1"]
[TimeControl "40/5400+30:1800+30"]

1. d4 Nf6 2. c4 c5 3. Nf3 cxd4 4. Nxd4 e5 5. Nb5 d5 6. cxd5 Bc5 7. N5c3 Bf5 8. g3 O-O 9. Bg2 e4 10. O-O Nbd7 11. Bg5 h6 12. Bxf6 Nxf6 13. e3 a6 14. Nd2 Re8 15. a3 Rc8 16. Rc1 Ba7 17. Qb3 Qd7 18. Rfe1 Rc5 19. Rc2 Rec8 20. Rec1 Re8 21. Qa2 Nxd5 22. Nxd5 Rxd5 23. Rc7 Qd8 24. Nf1 Be6 25. Qb1 f5 26. b4 Re7 27. Qc2 Bb8 28. Rxe7 Qxe7 29. g4 g6 30. gxf5 gxf5 31. Rd1 Qd7 32. Rxd5 Qxd5 33. Ng3 Be5 34. Bh3 Bd6 35. Qa4 Kf7 36. Bf1 Qe5 37. Qd1 f4 38. exf4 Qxf4 39. Qh5+ Kg7 40. Qe2 Kf8 41. Qxe4 Qxe4 42. Nxe4 Be7 43. f4 Kf7 44. Kf2 a5 45. bxa5 Bxa3 46. a6 bxa6 47. Bxa6 Bd5 48. Nc3 Bc6 49. Bc4+ Kg7 50. Kg3 Bb4 51. Ne2 Be4 52. Kg4 Kf6 53. Ng3 Bg6 54. Bd5 Be1 55. Kf3 Bf5 56. Be4 Bc8 57. Nf1 Bd7 58. Ne3 Be6 59. Bd5 Bd7 60. Ke4 Bf2 61. Kf3 Bg1 62. h4 Bc8 63. Bc6 Be6 64. Bb7 Ke7 65. Ke4 Kf6 66. Kf3 Ke7 67. Bc6 Kf6 68. Nf1 Bb3 69. Nd2 Bc2 70. Be4 Bd1+ 71. Kg3 Bd4 72. Bd3 Kf7 73. Ne4 Bb6 74. Nd6+ Kf6 75. Nf5 h5 76. Nd6 Ba5 77. Ne4+ Kg7 78. Kg2 Bg4 79. Nf2 Bd7 80. Be2 Kh6 81. Nh1 Be1 82. Ng3 Be8 83. Nf5+ Kg6 84. Bd3 Kf6 85. Ng3 Bc6+ 86. Kh2 Bf3 87. Bb5 Bd2 88. Be2 Bxe2 89. Nxe2 Kf5 90. Kg3 Be1+ 91. Kh3 Ke4 92. Ng3+ Kxf4 1/2-1/2